 Dungeon Crawl Stone Soup version 0.29-a0-317-gd16b76e6b1 (webtiles) character file.

Game seed: 11111761624253422825

59 Colgate the Sneak (level 4, -2/40 HPs)
             Began as a Naga Artificer on Mar 30, 2022.
             Was a Follower of Wu Jian.
             Slain by a worm (7 damage)
             ... on level 3 of the Dungeon.
             The game lasted 00:09:26 (2369 turns).

Colgate the Sneak (Naga Artificer)                  Turns: 2369, Time: 00:09:26

Health: -2/40      AC:  3    Str: 14    XL:     4   Next: 3%
Magic:  4/4        EV:  9    Int: 11    God:    Wu Jian [*.....]
Gold:   31         SH:  0    Dex: 14    Spells: 3/3 levels left

rFire   . . .      SeeInvis +   a - +1 hand axe (vorpal)
rCold   . . .      Faith    +   (no shield)
rNeg    . . .      Spirit   .   k - +0 leather armour
rPois   +          Reflect  .   (no helmet)
rElec   .          Harm     .   (no cloak)
rCorr   .          Rampage  .   (no gloves)
Will    .....                   (no barding)
Stlth   ++........              m - amulet of faith
HPRegen 0.13/turn               (no ring)
MPRegen 0.09/turn               (no ring)

@: short of breath, very slow
A: AC +1, large, see invisible, deformed body, poison resistance, slowness 2,
spit poison 1, naga tail 1
a: Spit Poison, Renounce Religion


You were on level 3 of the Dungeon.
You worshipped Wu Jian.
Wu Jian was aware of your devotion.
You visited 1 branch of the dungeon, and saw 3 of its levels.

You collected 31 gold pieces.

Inventory:

Hand Weapons
 a - a +1 vorpal hand axe (weapon)
 b - a +2 dagger of venom
Armour
 g - a +0 chain mail
 k - a +0 leather armour (worn)
 n - a +0 robe
Jewellery
 m - an amulet of faith (around neck)
Wands
 c - a wand of flame (15)
 d - a wand of charming (21)
 e - a wand of iceblast (23) {@v2}
Scrolls
 h - a scroll of noise {unknown}
 i - a scroll of identify {unknown}
 j - 2 scrolls of immolation {unknown}
Potions
 f - 3 potions of curing {unknown}
 l - a potion of mutation {unknown}


   Skills:
 - Level 2.8 Fighting
 - Level 1.5 Armour
 - Level 0.7 Dodging
 + Level 4.0 Stealth
 - Level 3.0 Evocations


You had 3 spell levels left.
You didn't know any spells.
Your spell library was empty.

Dungeon Overview and Level Annotations

Branches:
Dungeon (3/15)

Altars:
Wu Jian


Innate Abilities, Weirdness & Mutations

Your serpentine skin is tough. (AC +1)
You have supernaturally acute eyesight. (SInv)
Armour fits poorly on your strangely shaped body.
Your system is resistant to poisons. (rPois)
You cover ground very slowly.
You can spit poison.
You have a snake-like lower body.


Message History

a - a +1 vorpal hand axe (weapon)
The orc priest closely misses you.
An orc comes into view. It is wielding a +0 flail.
The orc shouts!
You hit the orc priest. You closely miss the orc.
The orc priest miscasts a cantrip.
You closely miss the orc. The orc hits you with a +0 flail.
An orc comes into view. It is wielding a +0 club.
An orc comes into view. It is wielding a +0 club.
You spin and attack the orc.
You closely miss the orc.
You spin and attack the orc priest.
You hit the orc priest.
You have got your breath back.
The orc hits you with a +0 flail!
The orc priest calls down the wrath of Beogh upon you.
Beogh smites you!
* * * LOW HITPOINT WARNING * * *
You spin and attack the orc.
You hit the orc but do no damage.
You spin and attack the orc priest repeatedly.
You hit the orc priest. x2; The orc priest closely misses you.
The orc hits you but does no damage.
Aiming: Spit Poison (2% risk of failure)
Aim: an orc priest, wielding a +0 club (almost dead, 59% to hit)
The splash of poison hits the orc priest.
You kill the orc priest!
The Council accepts your kill. The orc hits you but does no damage. x2
Your Fighting skill increases to level 2!
You have reached level 4!
You feel agile.
Unknown command.
You barely miss the orc. You hit the orc but do no damage. You hit the orc.
The orc barely misses you. The orc hits you but does no damage.
The orc hits you with a +0 club.
* * * LOW HITPOINT WARNING * * *
The orc hits you but does no damage. The orc barely misses you.
The orc closely misses you.
You hit the worm. You hit the orc but do no damage. x2
You barely miss the orc. The orc barely misses you. The worm bites you!
You die...

.... #. #..# #. #..#
#. #..# #. #..#
#.##..# ##.
#.#...#####....
##.###>o@...........
.......oow.#<.......
##.###....####.####.
#....... ..
#....#### ## .......
........# .........
.##.....##


You could see a worm and 3 orcs.

Vanquished Creatures
  An orc priest (D:3)
  A dart slug (D:1)
  An orc (D:3)
  A ball python (D:2)
  2 endoplasms (D:2)
  2 goblins
  5 hobgoblins
  2 kobolds (D:2)
  2 quokkas (D:1)
  4 bats
  2 frilled lizards
  4 rats
27 creatures vanquished.

Notes
Turn   | Place    | Note
-------+----------+-------------------------------------------
     0 | D:1      | Colgate the Naga Artificer began the quest for the Orb.
     0 | D:1      | Reached XP level 1. HP: 18/18 MP: 1/1
    16 | D:1      | Reached skill level 2 in Stealth
   322 | D:1      | Reached skill level 3 in Stealth
   328 | D:1      | Reached XP level 2. HP: 24/25 MP: 2/2
   350 | D:1      | Found a faded altar of an unknown god.
   389 | D:1      | Prayed at the altar of an unknown god.
   389 | D:1      | Became a worshipper of the Wu Jian Council
   389 | D:1      | Reached * piety under Wu Jian
   845 | D:2      | Reached skill level 4 in Stealth
  1116 | D:2      | Reached XP level 3. HP: 31/31 MP: 3/3
  2368 | D:3      | Reached XP level 4. HP: 8/40 MP: 4/4
  2369 | D:3      | Slain by a worm

Illustrated notes

Levels and vault maps discovered:
D:1:      amcnicky_arrival_wind_blow, layout_basic,
          ebering_ecumenical_altar_petrified
D:2:      layout_basic
D:3:      layout_basic

Skill      XL: |  1  2  3 |
---------------+----------+-----
Stealth        | 3 4 |  4.0
Fighting       | 2 |  2.8
Armour         | |  1.5
Dodging        | |  0.7
Evocations     | |  3.0

Action                   |  1- 3 |  4- 6 || total
-------------------------+-------+-------++-------
Melee: Mace              |     7 |       ||     7
       Dagger            |     9 |       ||     9
       Hand axe          |     8 |     2 ||    10
Invok: Lunge             |     8 |       ||     8
       Whirlwind         |     4 |       ||     4
 Abil: Spit Poison       |    26 |       ||    26
 Stab: Sleeping          |     2 |       ||     2
Armor: Leather armour    |     5 |     2 ||     7
Dodge: Dodged            |     7 |     4 ||    11

Table legend: (Time is in decaauts)
 A = Elapsed time spent in this place.
 B = Non-inter-level travel time spent in this place.
 C = Inter-level travel time spent in this place.
 D = Time resting spent in this place.
 E = Time spent auto-exploring this place.
 F = Levels seen in this place.
 G = Mean time per level.
                   A        B        C        D        E       F      G
               +--------+--------+--------+--------+--------+-----+--------+
         Total |   3211 |   3083 |    128 |     54 |   2680 |   3 | 1070.3 |
       Dungeon |   3211 |   3083 |    128 |     54 |   2680 |   3 | 1070.3 |
               +--------+--------+--------+--------+--------+-----+--------+

Top non-repeatable levels by time:
     D:2: 2132 daAuts
     D:1: 1061 daAuts
     D:3: 16 daAuts
